 Dungeon Crawl Stone Soup version 0.31-a0-986-g5e6e4ef867 (webtiles) character file.

Game seed: 8348565501635520359

11050 mandarbmax the Slicer (level 11, -9/55 HPs)
             Began as a Vine Stalker Fighter on Nov 18, 2023.
             Was a Follower of Hepliaklqana.
             Mangled by a tengu warrior
             ... wielding a +2 great sword of protection
              (20 damage)
             ... on level 9 of the Dungeon.
             The game lasted 00:16:12 (6854 turns).

mandarbmax the Slicer (Vine Stalker Fighter)        Turns: 6854, Time: 00:16:13

Health: -9/55      AC:  5    Str: 17 (19) XL:     11   Next: 71%
Magic:  0/12       EV: 22    Int:  7 (8)  God:    Hepliaklqana [*.....]
Gold:   1047       SH:  6    Dex: 22 (24) Spells: 10/10 levels left

rFire   + . .        H - +2 dagger (vamp)
rCold   . . .        c - +0 buckler
rNeg    . . .        s - +2 leather armour {rF+}
rPois   .            (no helmet)
rElec   .            (no cloak)
rCorr   .            (no gloves)
SInv    .            (no boots)
Will    +....        (no amulet)
Stlth   ++           u - +6 ring of dexterity
HPRegen 1.09/turn    F - +5 ring of evasion
MPRegen 0.13/turn

%: guardian spirit
@: about to teleport
A: reduced essence, fangs 3, regeneration 1, magic shield, antimagic bite, no
potion heal 2
a: Renounce Religion, Recall Ancestor, Ancestor Identity


You were on level 9 of the Dungeon.
You worshipped Hepliaklqana.
Hepliaklqana was aware of your devotion.
You visited 2 branches of the dungeon, and saw 10 of its levels.

You collected 1047 gold pieces.

Inventory:

Hand Weapons
 a - a +0 rapier
 H - a +2 vampiric dagger (weapon)
Armour
 b - a +0 scale mail
 c - a +0 buckler (worn)
 s - a +2 leather armour of fire resistance (worn)
Jewellery
 k - a ring of poison resistance
 u - a +6 ring of dexterity (left hand)
 w - the ring of the Thistle {Fly rN+}
   (You took it off a hobgoblin on level 4 of the Dungeon)

   [ring of positive energy]

   rN+:       It protects you from negative energy.
   Fly:       It grants you flight.
 A - the ring of the Greedy {rF+ rC+ Str+3 Int-2}
   (You acquired it on level 9 of the Dungeon)

   [ring of protection from cold]

   Str+3:     It affects your strength (+3).
   Int-2:     It affects your intelligence (-2).
   rF+:       It protects you from fire.
   rC+:       It protects you from cold.
 F - a +5 ring of evasion (right hand)
 G - a ring of positive energy
Wands
 o - a wand of digging (2)
 y - a wand of paralysis (19)
 M - a wand of quicksilver (12)
Scrolls
 d - a scroll of brand weapon {unknown}
 g - 2 scrolls of immolation
 j - 4 scrolls of blinking
 l - a scroll of revelation {unknown}
 n - a scroll of silence
 p - a scroll of poison {unknown}
 r - a scroll of enchant weapon {unknown}
 v - a scroll of fog {unknown}
 z - a scroll of butterflies {unknown}
 B - a scroll of enchant armour {unknown}
 J - a scroll of torment {unknown}
 L - a scroll of vulnerability {unknown}
Potions
 e - 2 potions of attraction
 f - 3 potions of curing
 i - a potion of mutation
 m - a potion of invisibility
 q - a potion of degeneration
 t - a potion of ambrosia {unknown}
 C - 2 potions of resistance {unknown}
 D - a potion of haste {unknown}
 E - 2 potions of lignification {unknown}
 I - a potion of magic {unknown}
 K - a potion of brilliance {unknown}


   Skills:
 + Level 9.1 Fighting
 - Level 11.0 Short Blades
 - Level 3.0 Armour
 + Level 8.4 Dodging
 - Level 3.0 Shields


You had 10 spell levels left.
You didn't know any spells.
Your spell library contained the following spells:

 Spells                   Type           Power      Damage    Failure   Level
 Shock                    Conj/Air       0%         1d3       58%         1
 Vhi's Electric Charge    Tloc/Air       0%         N/A       100%        4
 Arcjolt                  Conj/Air       0%         1d10      100%        5
 Summon Forest            Summ/Tloc      0%         N/A       100%        5
 Eringya's Noxious Bog    Tmut/Pois      0%         4d6       100%        6
 Simulacrum               Ice/Necr       0%         N/A       100%        6
 Summon Hydra             Summ           0%         N/A       100%        7
 Maxwell's Capacitive Co  Air            0%         ∞         100%        8
 Chain Lightning          Conj/Air       0%         N/A       100%        9


Dungeon Overview and Level Annotations

Branches:
Dungeon (9/15)             Temple (1/1) D:7            Lair (0/5) D:8
    Orc: D:9-12

Altars:
Ashenzari
Cheibriados
Dithmenos
Elyvilon
Fedhas
Gozag
Hepliaklqana
Kikubaaqudgha
Makhleb
Nemelex Xobeh
Okawaru
Qazlal
Ru
Sif Muna
Trog
Uskayaw
Vehumet
Wu Jian
Xom
Yredelemnul
Zin
The Shining One

Annotations:
D:6 1 runed translucent door, Crazy Yiuf


Innate Abilities, Weirdness & Mutations

Your life essence is reduced to manifest your ancestor. (-10% HP)
You have razor-sharp teeth.
Your natural rate of healing is unusually fast.
When hurt, damage is shared between your health and your magic reserves.
Your bite disrupts and absorbs the magic of your enemies.
Potions cannot restore your health.


Message History

The centaur warrior is severely wounded.
You hit the centaur warrior.
You feel better.
You bite the centaur warrior. You drain its power.
The centaur warrior is severely wounded.
The centaur warrior hits you! You block the centaur warrior's attack.
The centaur warrior completely misses you.
The centaur warrior kicks you. The centaur warrior hits you!
* * * LOW HITPOINT WARNING * * *
The centaur warrior kicks you but does no damage.
You hit the centaur warrior. You bite the centaur warrior! You drain its power.
You feel invigorated.
The centaur warrior is almost dead.
Unknown command.
You closely miss the centaur warrior.
The centaur warrior is almost dead.
You block the centaur warrior's attack. The centaur warrior barely misses you.
Psammuthes hits the centaur warrior.
You hit the centaur warrior.
You feel better.
You kill the centaur warrior!
Your Fighting skill increases to level 9!
You hit the howler monkey.
You feel better.
You bite the howler monkey. You drain its power.
You feel invigorated.
The howler monkey is moderately wounded.
Psammuthes completely misses the tengu warrior.
You hit the tengu warrior but do no damage.
As you read the scroll of teleportation, it crumbles to dust.
You feel strangely unstable.
Psammuthes hits the tengu warrior.
The tengu warrior unwields the +8 arbalest of Tenacity {antimagic, *Slow rPois Str+7 Int-2}.
The tengu warrior wields a +2 great sword of protection.
The tengu warrior hits you with a +2 great sword of protection!!
* * * LOW HITPOINT WARNING * * *
The tengu warrior pecks you but does no damage.
The tengu warrior completely misses you.
You miss the tengu warrior.
Psammuthes hits the tengu warrior but does no damage.
You hit the tengu warrior but do no damage.
You bite the tengu warrior, but do no damage.
Psammuthes misses the tengu warrior.
The tengu warrior hits you with a +2 great sword of protection!!
You die...

.........#).e...##
.........+.).....# #
.........#........###.##
.....<...#.......###.#.###
#######'##'###..##$#.#.#)#
(..............###.#.#.#.#####
...............#.#.#.#.#.#.#.##
..............C#R#.#.#.#.#.#..#
..............uQ@...........#...#
..............h#.#.#.#.#.#.#..##c
...............#.#.#.#.#.#.#.##
...............###.#.#.#.#####
............... #?#.#.#[# .......
###.#.### #.....# ##.## #..... .


You could see the friendly Psammuthes the ancestor, a cyan ugly thing, a tengu
warrior (ally target), a cyclops and a howler monkey.

Vanquished Creatures
  2 centaur warriors (D:9)
  8 death yaks (D:8)
  A skeletal warrior (D:9)
  A troll (D:7)
  A shadow (D:8)
  Sigmund (D:4)
  5 yaks (D:8)
  3 water moccasins
  2 orc warriors (D:7)
  2 ice beasts
  A black bear (D:4)
  2 sky beasts
  2 ogres
  3 centaurs
  The ghost of sammy202020 the Insei, an amateur DsSh (D:3)
  4 phantoms
  3 kobold brigands
  Blork the orc (D:5)
  4 bullfrogs
  A scorpion (D:5)
  A killer bee (D:9)
  4 jellies
  A gnoll bouda (D:6)
  6 orc priests
  4 hounds
  A sleepcap (D:6)
  9 iguanas
  Natasha (D:4)
  5 orc wizards
  8 gnolls
  10 adders
  A white imp (D:5)
  4 ufetubi
  2 worms
  5 dart slugs
  25 orcs
  9 ball pythons
  9 endoplasms
  3 giant cockroaches
  12 goblins
  5 hobgoblins
  9 jackals
  3 quokkas
  6 bats
  3 frilled lizards
  13 kobolds
  4 rats
211 creatures vanquished.

Vanquished Creatures (collateral kills)
  An orc priest (D:9)
1 creature vanquished.

Vanquished Creatures (others)
  2 ancestors
2 creatures vanquished.

Grand Total: 214 creatures vanquished

Notes
Turn   | Place    | Note
-------+----------+-------------------------------------------
     0 | D:1      | mandarbmax the Vine Stalker Fighter began the quest for the
                  | Orb.
     0 | D:1      | Reached XP level 1. HP: 11/11 MP: 2/2
    24 | D:1      | Reached skill level 2 in Short Blades
    62 | D:1      | Reached XP level 2. HP: 16/16 MP: 3/3
   402 | D:1      | Reached XP level 3. HP: 19/19 MP: 4/4
   742 | D:2      | Reached XP level 4. HP: 6/24 MP: 1/5
   749 | D:2      | Reached skill level 3 in Short Blades
   816 | D:2      | Identified the +11 mace of Linearity {flame, rN+}
  1520 | D:3      | Found an iron altar of Okawaru.
  1569 | D:3      | Reached XP level 5. HP: 28/28 MP: 6/6
  1569 | D:3      | Found a runed translucent gate.
  1569 | D:3      | Found a runed translucent gate.
  1569 | D:3      | Found a runed translucent gate.
  1571 | D:3      | Noticed sammy202020's ghost (amateur DsSh)
  1615 | D:3      | Reached skill level 4 in Short Blades
  1737 | D:3      | Reached XP level 6. HP: 31/32 MP: 7/7
  1897 | D:3      | Reached skill level 1 in Dodging
  2180 | D:3      | Killed sammy202020's ghost
  2181 | D:3      | Reached skill level 5 in Short Blades
  2214 | D:4      | Noticed Sigmund
  2243 | D:4      | Killed Sigmund
  2244 | D:4      | Reached XP level 7. HP: 30/36 MP: 5/8
  2314 | D:4      | Identified the ring of the Thistle {Fly rN+}
  2481 | D:4      | Reached skill level 6 in Short Blades
  2556 | D:4      | You fall into a shaft and drop 1 floor!
  2556 | D:5      | Entered Level 5 of the Dungeon
  2655 | D:4      | Found a shadowy altar of Dithmenos.
  2672 | D:4      | Found an ornate altar of the Wu Jian Council.
  2890 | D:4      | Gained mutation: You have razor-sharp teeth. [Vine Stalker
                  | growth]
  2890 | D:4      | Reached XP level 8. HP: 37/40 MP: 6/9
  2918 | D:4      | Noticed Natasha
  2928 | D:4      | Killed Natasha
  3105 | D:4      | Reached skill level 7 in Short Blades
  3391 | D:5      | Noticed Blork the orc
  3399 | D:5      | Killed Blork the orc
  3507 | D:5      | Reached skill level 8 in Short Blades
  3900 | D:6      | Reached skill level 9 in Short Blades
  3900 | D:6      | Reached XP level 9. HP: 41/44 MP: 10/10
  4059 | D:6      | Found a runed translucent door.
  4060 | D:6      | Noticed Crazy Yiuf
  4830 | D:7      | Found a staircase to the Ecumenical Temple.
  4845 | Temple   | Entered the Ecumenical Temple
  4854 | Temple   | Became a worshipper of Hepliaklqana the Forgotten
  5128 | D:7      | Reached skill level 10 in Short Blades
  5365 | D:7      | Noticed a troll
  5371 | D:7      | Killed a troll
  5372 | D:7      | Reached skill level 5 in Fighting
  5613 | D:8      | Reached XP level 10. HP: 45/51 MP: 9/11
  5749 | D:8      | Noticed a death yak
  5750 | D:8      | Noticed a death yak
  5750 | D:8      | Noticed a death yak
  5750 | D:8      | Noticed a death yak
  5760 | D:8      | Noticed a death yak
  5762 | D:8      | Noticed a death yak
  5766 | D:8      | Noticed a death yak
  5767 | D:8      | Noticed a death yak
  5769 | D:8      | Killed a death yak
  5770 | D:8      | Reached skill level 5 in Dodging
  5779 | D:8      | Killed a death yak
  5780 | D:8      | Reached skill level 11 in Short Blades
  5792 | D:8      | Killed a death yak
  5802 | D:8      | Killed a death yak
  5815 | D:8      | Killed a death yak
  5826 | D:8      | Killed a death yak
  5827 | D:8      | Reached XP level 11. HP: 49/58 MP: 12/12
  5837 | D:8      | Killed a death yak
  5845 | D:8      | Killed a death yak
  5879 | D:8      | Found a staircase to the Lair.
  6338 | D:8      | Reached * piety under Hepliaklqana
  6723 | D:9      | Identified the "Ewuiwad"
  6724 | D:9      | Identified 2 scrolls of acquirement
  6724 | D:9      | Acquired the ring of the Greedy {rF+ rC+ Str+3 Int-2}
  6725 | D:9      | Acquired 703 gold pieces
  6736 | D:9      | Noticed a centaur warrior
  6743 | D:9      | Noticed a skeletal warrior
  6756 | D:9      | Killed a centaur warrior
  6766 | D:9      | Noticed a cyan ugly thing
  6771 | D:9      | Killed a skeletal warrior
  6783 | D:9      | Noticed a deep elf pyromancer
  6786 | D:9      | Identified the +8 arbalest of Tenacity {antimagic, *Slow
                  | rPois Str+7 Int-2}
  6786 | D:9      | Noticed a tengu warrior
  6788 | D:9      | Noticed a cyclops
  6827 | D:9      | Noticed a centaur warrior
  6849 | D:9      | Killed a centaur warrior
  6854 | D:9      | Mangled by a tengu warrior

Illustrated notes

Levels and vault maps discovered:
D:1:      spicycebolla_arrival_clurvy, layout_loops_ring, fountainhead,
          minmay_misc_feat_alley
D:2:      layout_loops_ring
D:3:      layout_loops_ring, kennysheep_okawaru_gauntlet,
          ebering_ghost_rock_garden
D:4:      layout_loops_ring, amethyst_overflow_temple_binary,
          minmay_strange_pillars, uniq_natasha, uniq_sigmund
D:5:      layout_loops_cross, kennysheep_cluttered_room, uniq_blork_the_orc
D:6:      layout_cave_pools, serial_rivers, chequers_serial_rivers_micro_e,
          chequers_serial_rivers_large_b, chequers_serial_rivers_large_a,
          chequers_serial_rivers_small_b, amcnicky_mini_pool_small,
          minmay_misc_feat_nine_boxes, chequers_serial_rivers_micro_b,
          uniq_crazy_yiuf_cottage
D:7:      layout_basic, minmay_temple_entry_junction
D:8:      layout_cave_pods, dpeg_lair_monsters, minmay_misc_feat_x
D:9:      minmay_the_grid_octo_2x2 [minmay_the_grid_octo_teeth,
          minmay_the_grid_octo_clover_2, minmay_the_grid_octo_horde,
          minmay_the_grid_octo_prize_star], layout_gridville, serial_shops, shop
Temple:   nicolae_temple_bog_church

Skill      XL: |  1  2  3  4  5  6  7  8  9 10 11 |
---------------+----------------------------------+-----
Short Blades   | 2 3 4 5 6 9 10 11 | 11.0
Fighting       | 3 5 7 9 |  9.1
Shields        | 3 |  3.0
Armour         | 3 |  3.0
Dodging        | 2 3 4 6 8 |  8.4

Action                     |  1- 3 |  4- 6 |  7- 9 | 10-12 || total
---------------------------+-------+-------+-------+-------++-------
  Melee: Rapier            |    88 |   164 |   361 |       ||   613
         Bite              |    33 |    44 |   145 |   127 ||   349
         Dagger            |       |       |    80 |   260 ||   340
  Evoke: Wand              |       |       |       |     1 ||     1
    Use: Scroll            |       |       |     9 |     4 ||    13
         Potion            |       |       |       |     5 ||     5
   Stab: Sleeping          |       |     1 |     5 |       ||     6
 Armour: Scale mail        |    61 |    61 |       |       ||   122
         Leather armour    |       |    24 |   148 |    66 ||   238
  Dodge: Dodged            |    23 |    58 |   209 |   119 ||   409
  Block: Buckler           |    23 |    33 |    79 |    43 ||   178

Table legend: (Time is in decaauts)
 A = Elapsed time spent in this place.
 B = Non-inter-level travel time spent in this place.
 C = Inter-level travel time spent in this place.
 D = Time resting spent in this place.
 E = Time spent auto-exploring this place.
 F = Levels seen in this place.
 G = Mean time per level.
                   A        B        C        D        E       F      G
               +--------+--------+--------+--------+--------+-----+--------+
         Total |   6708 |   6468 |    240 |     44 |   4876 |  10 |  670.8 |
       Dungeon |   6689 |   6466 |    223 |     44 |   4876 |   9 |  743.2 |
        Temple |     18 |      1 |     17 |      0 |      0 |   1 |   18.0 |
               +--------+--------+--------+--------+--------+-----+--------+

Top non-repeatable levels by time:
     D:8: 1029 daAuts
     D:6: 980 daAuts
     D:4: 917 daAuts
     D:7: 839 daAuts
     D:3: 759 daAuts
     D:2: 733 daAuts
     D:1: 722 daAuts
     D:5: 594 daAuts
     D:9: 112 daAuts
  Temple: 18 daAuts
